 Dungeon Crawl Stone Soup version 0.20.1-1-g8b1a95d (webtiles) character file.

22981 ucho the Severer (level 12, -4/112 HPs)
             Began as a Minotaur Berserker on Nov 7, 2017.
             Was an Elder of Trog.
             Splashed by an oklob plant's acid (13 damage)
             ... on level 2 of the Lair of Beasts on Nov 16, 2017.
             The game lasted 03:15:55 (12047 turns).

ucho the Severer (Minotaur Berserker)              Turns: 12047, Time: 03:15:57

Health: -4/112     AC:  4    Str: 24    XL:     12   Next: 67%
Magic:  11/11      EV: 13    Int:  6    God:    Trog [****..]
Gold:   473        SH:  3    Dex: 14    Spells: 11/11 levels left

rFire    . . .     SeeInvis +   a - +9 executioner's axe "Fadwifet" {venom, rElec Str+3}
rCold    . . .     Gourm    .   (shield currently unavailable)
rNeg     . . .     Faith    .   r - +0 plate armour {rPois}
rPois    +         Spirit   .   M - +1 hat {MR+}
rElec    +         Reflect  +   Q - +0 cloak
rCorr    .         Harm     .   s - +0 pair of gloves
MR       +....                  q - +0 pair of boots
Stlth    ..........             w - +3 amulet of reflection
Regen    0.3/turn               O - ring of see invisible
MPRegen  0.2/turn               (no ring)

@: corroded
A: retaliatory headbutt, horns 2
a: Berserk, Trog's Hand, Brothers in Arms, Burn Spellbooks, Renounce Religion


You were on level 2 of the Lair of Beasts.
You worshipped Trog.
Trog was greatly pleased with you.
You were not hungry.

You visited 4 branches of the dungeon, and saw 14 of its levels.
You also visited: Bailey.

You collected 783 gold pieces.
You spent 310 gold pieces at shops.

Inventory:

Hand Weapons
 a - the +9 executioner's axe "Fadwifet" (weapon) {venom, rElec Str+3}
   (Trog gifted it to you on level 10 of the Dungeon)

   It poisons the flesh of those it strikes.
   It affects your strength (+3).
   It insulates you from electricity.
 b - the +7 broad axe of the Saviour {chop, rC+ Str+3}
   (You acquired it on level 1 of the Lair of Beasts)

   It inflicts extra damage upon your enemies.
   It affects your strength (+3).
   It protects you from cold.
 k - the +8 Wrath of Trog {antimagic, *Rage}
   (You found it in a bailey)

   It reduces the magical energy of the wielder, and disrupts the spells and
   magical abilities of those hit.
   Natural abilities and divine invocations are not affected.
   It may make you go berserk in combat.
 B - a +1 vampiric hand axe
 S - a +1 shortbow of velocity
Missiles
 E - 134 arrows
 L - 9 tomahawks
 P - 4 silver tomahawks
 Y - 9 tomahawks of returning (quivered)
Armour
 q - a +0 pair of boots (worn)
 r - a +0 plate armour of poison resistance (worn)
 s - a +0 pair of gloves (worn)
 M - a +1 hat of magic resistance (worn)
 Q - a +0 cloak (worn)
Jewellery
 n - an uncursed ring of fire
 w - a +3 amulet of reflection (around neck)
 O - a ring of see invisible (left hand)
 R - an uncursed amulet of faith
 V - an uncursed amulet of the gourmand
Wands
 g - a wand of digging (12/24)
 p - a wand of digging (1/24)
 v - a wand of polymorph (8/24)
 y - a wand of polymorph (6/24)
 A - a wand of disintegration (15/24)
 D - a wand of confusion (35/48)
 I - a wand of disintegration (12/24)
 K - a wand of confusion (25/48)
 U - a wand of polymorph (13/24)
 X - a wand of acid (6/15)
Scrolls
 c - 2 scrolls of blinking
 j - 5 scrolls of magic mapping
 l - 11 scrolls of teleportation
 u - 2 scrolls of immolation
 x - 3 scrolls of identify
 G - 7 scrolls of remove curse
Potions
 d - 5 potions of brilliance
 e - 2 potions of ambrosia {unknown}
 h - 2 potions of invisibility {unknown}
 i - 3 potions of degeneration {unknown}
 m - 8 potions of curing
 o - a potion of agility {unknown}
 t - 3 potions of mutation
 z - 2 potions of lignification {unknown}
 C - 2 potions of heal wounds
 F - 2 potions of berserk rage {unknown}
 H - a potion of experience {unknown}
 J - 2 potions of flight {unknown}
 T - a potion of might {unknown}
 Z - a potion of resistance {unknown}
Comestibles
 f - 11 fruits
 N - a meat ration


   Skills:
 + Level 12.0 Fighting
 * Level 15.7 Axes
 + Level 11.8 Armour
 + Level 10.4 Dodging


You had 11 spell levels left.
You didn't know any spells.

Dungeon Overview and Level Annotations

Branches:
Dungeon (10/15)            Temple (1/1) D:6            Lair (2/6) D:10
    Orc (1/2) D:10
  Swamp: Lair:2-4    Shoals: Lair:2-4     Snake: Lair:2-4    Spider: Lair:2-4

Altars:
Ashenzari
Cheibriados
Dithmenos
Elyvilon
Fedhas
Gozag
Hepliaklqana
Kikubaaqudgha
Makhleb
Nemelex Xobeh
Okawaru
Qazlal
Ru
Sif Muna
Trog
Uskayaw
Vehumet
Xom
Yredelemnul
Zin
The Shining One

Shops:
D:5 }!((   D:6 =   D:8 ?   D:9 }

Annotations:
Lair:2 exclusion: oklob plant


Innate Abilities, Weirdness & Mutations

You reflexively headbutt those who attack you in melee.
You have a pair of horns on your head.


Message History

The oklob plant spits acid at you. The splash of acid hits you!
The acid corrodes you!
You are splashed with acid!
The acid burns!
* * * LOW HITPOINT WARNING * * *
You are too injured to fight recklessly!
You slash the oklob plant!
The oklob plant is moderately damaged.
The oklob plant spits acid at you. The splash of acid hits you!
* * * LOW HITPOINT WARNING * * *
You are splashed with acid!
The acid burns!
* * * LOW HITPOINT WARNING * * *
You slice the oklob plant!!
You headbutt the oklob plant, but do no damage.
The oklob plant is almost destroyed.
The oklob plant spits acid at you. The splash of acid hits you!
* * * LOW HITPOINT WARNING * * *
You are splashed with acid!
The acid burns!
You die...

#..###.##P#....
#..P#######....
##.#####.## #...
#P.##.....# #...
##........###...
##...#.#.###....
#..##.#### ##...
####..#..#. #...
#P@..$P....).......
#($?$$P............
#$[(=.P............
#..$.(P............
#$$.(.P............
####..#.###.. ##...
##..#.# .# #P..
.#... ##.. ..


You could see an oklob plant.

Vanquished Creatures
  Gastronok (D:8)
  An orc warlord (Bailey)
  3 hydras
  3 two-headed ogres
  Pikel (D:8)
  2 oklob plants (Lair:2)
  2 centaur zombies (D:10)
  Joseph (D:8)
  2 spiny frogs
  3 centaur skeletons (D:10)
  4 gargoyles (D:8)
  A komodo dragon (Lair:1)
  2 hellwings (D:10)
  3 trolls
  A polar bear (Lair:2)
  5 hippogriffs
  A meliai zombie (D:10)
  A wyvern (D:10)
  2 wraiths
  10 yaks
  2 hungry ghosts
  2 steam dragons
  2 wargs (D:10)
  A water moccasin (Lair:1)
  Duvessa (D:6)
  3 porcupines
  4 orc warriors
  4 ice beasts
  5 phantoms
  2 slaves (D:8)
  3 sky beasts
  5 ogres
  2 wolves (D:10)
  3 centaurs
  6 crocodiles
  8 bullfrogs
  2 wyvern zombies
  Dowan (D:6)
  A water moccasin zombie (D:8)
  A wyvern skeleton (D:6)
  A scorpion (D:5)
  6 killer bees (D:8)
  3 wights (D:9)
  A howler monkey (D:7)
  An electric eel (D:10)
  4 crimson imps
  5 human zombies (D:9)
  A quasit (D:6)
  2 jellies
  5 hounds
  A bullfrog skeleton (D:8)
  A gnoll shaman (D:9)
  Ijyb (D:5)
  2 iguanas (D:5)
  11 orc wizards
  A human skeleton (D:9)
  3 worker ants
  An ogre zombie (D:9)
  A mummy (D:9)
  A howler monkey zombie (D:7)
  11 gnolls
  5 adders
  7 shadow imps
  2 adder skeletons
  4 worms
  2 dart slugs
  6 leopard geckos
  48 orcs
  2 ball pythons (D:3)
  4 giant cockroaches
  11 goblins
  7 hobgoblins
  9 jackals
  6 quokkas
  3 bats
  3 frilled lizards
  A jackal zombie (D:7)
  15 kobolds
  A leopard gecko skeleton (D:5)
  8 rats
  A plant (Lair:1)
315 creatures vanquished.

Vanquished Creatures (collateral kills)
  An oklob plant (Lair:2)
  A wolf (D:10)
  An electric eel (D:10)
  2 howler monkeys (D:7)
  A jelly (D:10)
  An orc wizard (D:7)
  7 orcs
14 creatures vanquished.

Vanquished Creatures (others)
  2 slaves (D:8)
  A hound (D:10)
  2 kobolds (Bailey)
  A withered plant (D:10)
6 creatures vanquished.

Grand Total: 335 creatures vanquished

Notes
Turn   | Place    | Note
-------+----------+-------------------------------------------
     0 | D:1      | ucho the Minotaur Berserker began the quest for the Orb.
     0 | D:1      | Reached XP level 1. HP: 19/19 MP: 0/0
   168 | D:2      | Reached XP level 2. HP: 27/27 MP: 1/1
   175 | D:2      | Reached skill level 4 in Axes
   325 | D:2      | Reached ** piety under Trog
   340 | D:2      | Found an iron altar of Okawaru.
   374 | D:2      | Reached XP level 3. HP: 33/33 MP: 2/2
   758 | D:3      | Found a shadowy altar of Dithmenos.
   947 | D:3      | Reached XP level 4. HP: 31/41 MP: 3/3
  1885 | D:4      | Noticed a phantom
  1892 | D:4      | Noticed an ogre
  1901 | D:4      | Killed an ogre
  1901 | D:4      | Reached skill level 5 in Axes
  1901 | D:4      | Reached XP level 5. HP: 45/47 MP: 4/4
  1927 | D:4      | Killed a phantom
  1927 | D:4      | Reached skill level 5 in Fighting
  1927 | D:4      | Reached XP level 6. HP: 51/56 MP: 5/5
  2214 | D:4      | Found a glowing silver altar of Zin.
  2270 | D:5      | Entered Level 5 of the Dungeon
  2270 | D:5      | Found a hazy altar of Hepliaklqana.
  2277 | D:5      | Found Suent's Antique Weapon Shop.
  2323 | D:5      | Found Raoruch's Antique Weapon Shop.
  2469 | D:5      | Found Sitoutta's Distillery.
  2478 | D:5      | Found an opulent altar of Gozag.
  2940 | D:5      | Noticed Ijyb
  2985 | D:5      | Killed Ijyb
  2985 | D:5      | Reached skill level 6 in Axes
  3097 | D:5      | Found a burning altar of Makhleb.
  3097 | D:5      | Noticed a cacodemon
  3377 | D:5      | Reached XP level 7. HP: 61/61 MP: 6/6
  3417 | D:5      | Bought a potion of heal wounds for 50 gold pieces
  3417 | D:5      | Bought a potion of curing for 30 gold pieces
  3417 | D:5      | Bought a potion of heal wounds for 50 gold pieces
  3417 | D:5      | Bought a potion of curing for 30 gold pieces
  3417 | D:5      | Bought a potion of heal wounds for 50 gold pieces
  3520 | D:5      | Reached skill level 5 in Armour
  3563 | D:5      | You fall through a shaft for 3 floors!
  3577 | D:8      | Reached *** piety under Trog
  3577 | D:8      | Reached skill level 7 in Axes
  3591 | D:8      | Noticed a two-headed ogre
  3600 | D:8      | Killed a two-headed ogre
  3600 | D:8      | Reached skill level 8 in Axes
  3600 | D:8      | Reached skill level 5 in Dodging
  3600 | D:8      | Reached XP level 8. HP: 71/71 MP: 7/7
  3744 | D:8      | Reached skill level 9 in Axes
  3858 | D:8      | Noticed a troll
  3906 | D:8      | Killed a troll
  4230 | D:8      | Found Ykoky's Magic Scroll Boutique.
  4243 | D:8      | Reached XP level 9. HP: 79/79 MP: 8/8
  4338 | D:8      | Reached skill level 10 in Axes
  4433 | D:8      | Noticed Pikel
  4462 | D:8      | Killed Pikel
  4591 | D:8      | Noticed Joseph
  4774 | D:6      | Found Quydari's Jewellery Shoppe.
  4775 | D:6      | Noticed Dowan
  4776 | D:6      | Noticed Duvessa
  4859 | D:5      | Found Ikub's Gadget Boutique.
  5185 | D:6      | Killed Duvessa
  5190 | D:6      | Killed Dowan
  5309 | D:6      | Found a staircase to the Ecumenical Temple.
  5322 | D:6      | Reached skill level 11 in Axes
  5330 | Temple   | Entered the Ecumenical Temple
  5759 | D:6      | Found a deep blue altar of Sif Muna.
  6113 | D:7      | Reached **** piety under Trog
  6352 | D:7      | Found a hide-covered altar of Uskayaw.
  6366 | D:7      | Noticed a seven-headed hydra
  6447 | D:7      | Reached XP level 10. HP: 90/90 MP: 9/9
  6496 | D:7      | Killed an 11-headed hydra
  6723 | D:8      | Noticed a two-headed ogre
  6730 | D:7      | Killed a two-headed ogre
  6730 | D:7      | Reached skill level 12 in Axes
  6851 | D:8      | Noticed a gargoyle
  6879 | D:8      | Killed a gargoyle
  6913 | D:8      | Noticed a gargoyle
  6943 | D:8      | Killed a gargoyle
  7109 | D:8      | Noticed Gastronok
  7114 | D:8      | Noticed a gargoyle
  7121 | D:8      | Killed Gastronok
  7121 | D:8      | Reached XP level 11. HP: 99/99 MP: 10/10
  7141 | D:8      | Reached skill level 13 in Axes
  7208 | D:8      | Reached skill level 10 in Fighting
  7377 | D:8      | Killed Joseph
  7489 | D:8      | Found a glowing golden altar of the Shining One.
  7579 | D:9      | Found Jijeawol's Quality Used Wands.
  7642 | D:9      | Reached skill level 10 in Armour
  7718 | D:5      | Bought a potion of haste for 100 gold pieces
  8005 | D:9      | Found a basalt altar of Yredelemnul.
  8709 | D:9      | Reached ***** piety under Trog
  8973 | D:10     | Entered Level 10 of the Dungeon
  9013 | D:10     | Reached skill level 14 in Axes
  9232 | D:10     | Received a gift from Trog
  9240 | D:10     | Got an ancient executioner's axe {god gift}
  9241 | D:10     | Identified the +9 executioner's axe "Fadwifet" {venom, rElec Str+3} (Trog gifted it to you on level 10 of the Dungeon)
  9276 | D:10     | Noticed a two-headed ogre
  9287 | D:10     | Killed a two-headed ogre
  9291 | D:10     | Found a staircase to the Orcish Mines.
  9354 | D:10     | Found a flagged portal.
  9368 | Bailey   | Entered a bailey
  9373 | Bailey   | Noticed an orc warlord
  9432 | Bailey   | Reached XP level 12. HP: 110/110 MP: 11/11
  9437 | Bailey   | Found a runed gate.
  9437 | Bailey   | Found a runed gate.
  9437 | Bailey   | Found a runed gate.
  9687 | Bailey   | Killed an orc warlord
  9771 | D:10     | Found a staircase to the Lair.
 10034 | Orc:1    | Entered Level 1 of the Orcish Mines
 10066 | Lair:1   | Entered Level 1 of the Lair of Beasts
 10115 | Lair:1   | Reached skill level 15 in Axes
 10194 | Lair:1   | Reached skill level 10 in Dodging
 10482 | Lair:1   | Identified a scroll of acquirement
 10505 | Lair:1   | Noticed a four-headed hydra
 10507 | Lair:1   | Got a fine broad axe
 10508 | Lair:1   | Identified the +7 broad axe of the Saviour {chop, rC+ Str+3} (You acquired it on level 1 of the Lair of Beasts)
 10516 | Lair:1   | Killed a nine-headed hydra
 10710 | Lair:2   | Noticed a four-headed hydra
 10724 | Lair:2   | Killed a ten-headed hydra
 12047 | Lair:2   | Splashed by an oklob plant's acid

Skill      XL: |  1  2  3  4  5  6  7  8  9 10 11 12 |
---------------+-------------------------------------+-----
Axes           | 4 5 6 8 9 11 12 14 15 | 15.7
Fighting       | 4 5 6 7 8 9 11 12 | 12.0
Armour         | 3 4 6 8 9 11 | 11.8
Dodging        | 3 4 5 7 8 9 10 | 10.4

Action                   |  1- 3 |  4- 6 |  7- 9 | 10-12 || total
-------------------------+-------+-------+-------+-------++-------
Melee: Hand axe          |    75 |   149 |   311 |   432 ||   967
       Headbutt          |    12 |    35 |    56 |   162 ||   265
       Unarmed           |       |    31 |       |       ||    31
       Executioner's axe |       |       |       |   138 ||   138
Throw: Tomahawk          |       |       |     2 |    50 ||    52
Invok: Berserk           |     3 |     3 |    14 |    14 ||    34
       Trog's Hand       |       |       |     5 |     1 ||     6
       Brothers in Arms  |       |       |     1 |     2 ||     3
Evoke: Wand              |       |     1 |       |     3 ||     4
  Use: Scroll            |       |     5 |     1 |    11 ||    17
       Potion            |       |       |       |     5 ||     5
  Eat: Bread ration      |     1 |       |     3 |     3 ||     7
       Chunk             |     3 |     4 |     6 |    10 ||    23
       Fruit             |       |     2 |     2 |       ||     4
       Meat ration       |       |     2 |     1 |     3 ||     6
       Royal jelly       |       |       |       |     1 ||     1
Armor: Animal skin       |    13 |     4 |       |       ||    17
       Plate armour      |       |    51 |   154 |   270 ||   475
       Scale mail        |       |     4 |       |       ||     4
Dodge: Dodged            |    48 |    55 |   117 |   267 ||   487
Block: Other             |       |    10 |    37 |    30 ||    77
       Reflection        |       |       |     4 |    11 ||    15
